← All builds
Suicide front / Armada / Factory first / OBSERVED BUILD

Standard suicide front

Armada Suicide front build order · Supreme Isthmus

The role's baseline: Bot Lab at 0:21 then straight into reclaim-fed T1 bot production to contest the middle and hold until T2 arrives, with an Advanced Metal Extractor around 9:45.

#rush · 2057 distinct matches · 236 players · 72% of Armada Suicide front games · team won 59% of 2435 · Recently observed

HOW TO PLAY IT

Key timing: Bot Lab by 0:20

  1. Open with mex and lab-first to get Bot Lab up by 0:20.
  2. Expand mex and wind while lab pumps units toward middle.
  3. Push Sentry and early Rocketeer, Centurion to contest middle.
  4. Get T2 constructor out once Pond's boost lets you spare metal.
  5. Upgrade mex to Advanced Metal Extractor as you transition off T1 spam.

Phase by phase

TYPICAL OF ITS 2057 GAMES
  1. 1
  2. 2
  3. 3
PLAY THE OPENING

Follow the example game's first 6:00 step by step: what to build now, what comes next, and where it goes. At 1× it keeps pace with your own game.

  1. 1

    Bot Lab first

    Order
    1. Bot LabBot Lab done ~0:25, middle half 0:20–0:33

    Some games also: mex (44%)

  2. 2

    Bot Lab to 5:00

    Economy
    • Metal Extractor5Mex
    • Wind Turbine4Wind
    Builders
    • Construction Bot3 Con bot
    • Lazarus2 Lazarus
    Army
    • Sentry4 Sentry
    • Rocketeer16 Rocketeer
    • Tick2 Tick
    • Centurion1 Centurion
    Other
    • Radar Tower1 Radar Tower

    Some games also: pawn (37%) · con turret (34%)

    By 5:00 in all: 5 mex · 4 wind

    The example game in this phase · 26 steps
    1. LazarusLazarus
    2. CenturionCenturion
    3. Wind ×2
    4. LazarusLazarus
    5. CenturionCenturion
    6. Wind
    7. Construction BotCon bot ×2
    8. Mex
    9. LazarusLazarus
    10. Radar TowerRadar Tower
    11. RocketeerRocketeer
    12. SentrySentry
    13. RocketeerRocketeer ×4
    14. Construction BotCon bot
    15. RocketeerRocketeer
    16. Mex
    17. RocketeerRocketeer ×2
    18. SentrySentry
    19. RocketeerRocketeer
    20. SentrySentry
    21. RocketeerRocketeer
    22. Construction BotCon bot
    23. RocketeerRocketeer ×5
    24. LazarusLazarus ×2
    25. Mex
    26. RocketeerRocketeer ×2
  3. 3

    5:00 to 10:00

    Economy
    • Metal Extractor1Mex
    • Wind Turbine15Wind
    Builders
    • Construction Turret2 Con turret
    • Lazarus2 Lazarus
    • Construction Bot1 Con bot
    Army
    • Sentry1 Sentry
    • Rocketeer8 Rocketeer

    Some games also: pawn (49%) · Radar Tower (46%) · tick (44%) · centurion (44%) · energy storage (42%) · eat Bot Lab (31%)

    By 10:00 in all: 6 mex · 21 wind · 1 energy storage · 2 con turret

    The example game in this phase · 294 steps
    1. RocketeerRocketeer
    2. Dragon's TeethDragon's Teeth
    3. RocketeerRocketeer ×2
    4. Dragon's TeethDragon's Teeth ×7
    5. Mex
    6. Radar TowerRadar Tower
    7. PawnPawn
    8. SentrySentry
    9. PawnPawn
    10. Mex
    11. Energy storage
    12. TickTick ×2
    13. Con turret
    14. PawnPawn
    15. TickTick
    16. Con turret
    17. PawnPawn
    18. SentrySentry
    19. TickTick
    20. Con turret
    21. PawnPawn
    22. Dragon's TeethDragon's Teeth ×5
    23. TickTick
    24. Dragon's TeethDragon's Teeth ×2
    25. Wind
    26. PawnPawn
    27. Dragon's TeethDragon's Teeth
    28. Wind ×2
    29. Dragon's TeethDragon's Teeth
    30. TickTick
    31. Wind ×2
    32. Dragon's TeethDragon's Teeth
    33. PawnPawn
    34. Dragon's TeethDragon's Teeth
    35. Wind
    36. Dragon's TeethDragon's Teeth
    37. Wind
    38. Dragon's TeethDragon's Teeth
    39. Wind
    40. Converter
    41. Dragon's TeethDragon's Teeth
    42. Wind
    43. Dragon's TeethDragon's Teeth
    44. TickTick
    45. Wind ×2
    46. PawnPawn
    47. Wind ×5
    48. TickTick
    49. Converter
    50. Wind
    51. PawnPawn
    52. Wind ×3
    53. TickTick
    54. Wind ×2
    55. PawnPawn
    56. Mexfor Front
    57. Wind ×2
    58. Converter
    59. TickTick
    60. SentrySentry
    61. Wind ×2
    62. PawnPawn
    63. Wind ×3
    64. SentrySentry
    65. Wind
    66. TickTick
    67. Converter
    68. PawnPawn
    69. Wind ×2
    70. TickTick
    71. Wind
    72. SentrySentry
    73. Wind
    74. PawnPawn
    75. Converter
    76. Wind
    77. TickTick
    78. Wind ×2
    79. PawnPawn
    80. Wind ×4
    81. TickTick
    82. Converter
    83. PawnPawn
    84. Wind
    85. TickTick
    86. Wind
    87. PawnPawn
    88. SentrySentry
    89. Wind
    90. TickTick
    91. Wind
    92. Converter
    93. PawnPawn
    94. Con turret
    95. Advanced Metal ExtractorT2 mexdone 10:19 · typical 9:46
    96. Wind
    97. TickTick
    98. Wind ×2
    99. Construction BotCon bot
    100. Wind
    101. Converter
    102. Wind ×4
    103. Construction BotCon bot
    104. Converter
    105. Con turret
    106. Converter
    107. Advanced Metal ExtractorT2 mex
    108. Wind
    109. Construction BotCon bot
    110. Wind ×3
    111. Construction BotCon bot
    112. Wind
    113. Mex
    114. Wind ×3
    115. SentrySentry
    116. Wind ×2
    117. PawnPawn
    118. Wind
    119. Converter
    120. SentrySentry
    121. TickTick
    122. Wind ×2
    123. PawnPawn
    124. Wind
    125. Converter
    126. Advanced Metal ExtractorT2 mex
    127. NettleNettle
    128. Wind
    129. Construction BotCon bot
    130. Converter
    131. Wind ×2
    132. NettleNettle
    133. Converter
    134. Wind
    135. Construction BotCon bot
    136. Wind ×3
    137. NettleNettle
    138. Wind ×6
    139. Converter
    140. Construction BotCon bot
    141. Con turret
    142. Wind ×2
    143. Converter
    144. Wind
    145. Construction BotCon bot
    146. Wind
    147. Converter
    148. Wind ×2
    149. Converter
    150. TickTick
    151. Wind
    152. PawnPawn
    153. Advanced Metal ExtractorT2 mex
    154. Wind ×3
    155. TickTick
    156. Wind ×2
    157. Con turret
    158. PawnPawn
    159. Wind
    160. Converter
    161. Wind ×2
    162. TickTick
    163. Wind
    164. Con turret ×2
    165. Wind
    166. PawnPawn
    167. Wind
    168. Converter
    169. Wind
    170. Con turret
    171. TickTick
    172. Converter
    173. Wind
    174. Converter
    175. PawnPawn
    176. Wind
    177. TickTick
    178. Wind ×2
    179. PawnPawn
    180. Wind
    181. TickTick
    182. Wind
    183. PawnPawn
    184. Wind
    185. TickTick
    186. Wind
    187. PawnPawn
    188. Wind ×2
    189. TickTick
    190. PawnPawn
    191. Converter
    192. Wind
    193. TickTick
    194. Advanced Bot LabAdvanced Bot Labdone 13:10
    195. Con turret
    196. Wind
    197. PawnPawn
    198. Wind
    199. Converter
    200. Wind
    201. TickTick
    202. Converter
    203. Wind
    204. PawnPawn
    205. Wind ×2
    206. Advanced Metal ExtractorT2 mex
    207. Converter
    208. TickTick
    209. Wind
    210. PawnPawn
    211. Wind ×4
    212. TickTick
    213. Wind ×2
    214. PawnPawn
    215. Advanced Construction BotT2 con bot
    216. Wind ×4
    217. TickTick
    218. Wind
    219. PawnPawn
    220. Converter
    221. Wind
    222. Converter
    223. ButlerButler
    224. TickTick
    225. Wind
    226. Converter
    227. PawnPawn
    228. Wind ×2
    229. ButlerButler
    230. Wind
    231. TickTick
    232. Wind
    233. PawnPawn
    234. ButlerButler
    235. Wind ×2
    236. Converter
    237. TickTick
    238. Wind
    239. PawnPawn
    240. ButlerButler
    241. Wind
    242. TickTick
    243. Wind
    244. Converter
    245. ButlerButler
    246. PawnPawn
    247. Converter
    248. Wind
    249. TickTick
    250. Wind ×3
    251. PawnPawn
    252. ParalyzerParalyzernot finished by 15:00
    253. TickTick
    254. Wind ×3
    255. PawnPawn
    256. TickTick
    257. Wind ×3
    258. PawnPawn
    259. TickTick
    260. PawnPawn
    261. Wind ×2
    262. TickTick
    263. Converter
    264. PawnPawn
    265. Converter
    266. TickTick
    267. PawnPawn
    268. Wind
    269. Converter
    270. TickTick
    271. Wind
    272. PawnPawn
    273. Wind
    274. TickTick
    275. Wind ×2
    276. Metal storage
    277. PawnPawn
    278. Advanced Fusion ReactorAdvanced Fusion Reactornot finished by 15:00
    279. Wind
    280. TickTick
    281. Wind ×2
    282. PawnPawn
    283. Converter
    284. Wind ×4
    285. Con turret
    286. Wind ×2
    287. TickTick
    288. Wind
    289. Converter ×2
    290. PawnPawn
    291. Converter
    292. Naval Energy Converter
    293. Wind ×5
    294. TickTick

Counts are medians over the build's games: half of them build more, half fewer. The example game is Ling_long's (40 OS, 14/10/2026); pick another.

Team trades

IN AT LEAST 30% OF ITS GAMES

You hand over

Nothing regular.

You get

  • Tidal Generator4 Tidal from Pondfirst at 0:11 · in 68% of games
  • Advanced Construction Bot1 T2 con bot from Geo or Techfirst at 7:41 · in 57% of games

How it plays out

Typical game of this build, running totals by minute

Metal produced

010k20k
0:005:0010:0015:00

metal

Enemy metal destroyed

05k10k
0:005:0010:0015:00

metal

Own metal lost

05k10k
0:005:0010:0015:00

metal

2435 games.

Show as table
ByMetal produced: This buildEnemy metal destroyed: This buildOwn metal lost: This build
1:0023000
2:0088600
3:002007185130
4:003109643501
5:0041851352996
6:00535021831706
7:00654530602588
8:00775739373496
9:00903546934370
10:001040253145146
11:001188658585952
12:001357264076663
13:001539768757432
14:001729875038209
15:001926981248981
WHAT THE NUMBERS SAY

Standard Suicide front play wins a bit over half its games while taking the heaviest own losses of any role by 15:00.

  • + Produces 20142 metal by 15:00, highest of the front roles.
  • + First kill by 2:01 in all games, fastest contest of middle.
  • − Own metal lost hits 9178 by 15:00, more than enemy metal destroyed.
  • − Only 34% Rocketeer share shows army spread thin across many bot types.
THE EXAMPLE YOU ARE READING

Ling_long

39.6 OS · 14/10/2026

Open source match ↗

5 received units · includes a constructor
165 metal received · 62614 energy received

Allied construction assistance is unknown. Timings are observations, not a promise of solo reproducibility.

Typical milestones

Bot Lab0:25Middle 50%: 0:20–0:33 · n=2427
Advanced Metal Extractor9:46Middle 50%: 8:50–10:59 · n=1759

Played most by

_X_265games of this buildPlatinumBlonde188games of this buildXad165games of this buildTrapCaT110games of this buildImmort80games of this build